 Dungeon Crawl Stone Soup version 0.29.1-15-g9cfb28693d (webtiles) character file.

Game seed: 15840737923994687325

3 69420guy the Sneak (level 1, -1/14 HPs)
             Began as an Octopode Brigand on Apr 5, 2023.
             Slain by a rat (2 damage)
             ... on level 1 of the Dungeon.
             The game lasted 00:00:32 (117 turns).

69420guy the Sneak (Octopode Brigand)                Turns: 117, Time: 00:00:32

Health: -1/14      AC:  1    Str: 10    XL:     1   Next: 50%
Magic:  1/1        EV: 12    Int: 13    God:
Gold:   0          SH:  0    Dex: 13    Spells: 0/0 levels left

rFire   . . .      SeeInvis .   a - +2 dagger
rCold   . . .      Faith    .   (no shield)
rNeg    . . .      Spirit   .   (helmet restricted)
rPois   .          Reflect  .   (no amulet)
rElec   .          Harm     .   (no ring)
rCorr   .          Rampage  .   (no ring)
Will    .....                   (no ring)
Stlth   ++++......              (no ring)
HPRegen 0.04/turn               (no ring)
MPRegen 0.07/turn               (no ring)
                                (no ring)
                                (no ring)

@: no status effects
A: almost no armour, amphibious, 8 rings, camouflage 1, gelatinous body 1,
(nimble swimmer 1), tentacles
a: no special abilities


You were on level 1 of the Dungeon.
You visited 1 branch of the dungeon, and saw 1 of its levels.

Inventory:

Hand Weapons
 a - a +2 dagger (weapon)
Missiles
 b - 9 poisoned darts (quivered)
 c - 3 curare-tipped darts
 g - 7 stones
Armour
 e - a +0 leather armour
 f - a +0 leather armour
Scrolls
 d - a scroll of amnesia {unknown}


   Skills:
 + Level 2.1 Fighting
 + Level 2.1 Short Blades
 + Level 2.0 Throwing
 + Level 1.0 Dodging
 + Level 5.3 Stealth


You couldn't memorise any spells.
You didn't know any spells.
Your spell library was empty.

Dungeon Overview and Level Annotations

Branches:
Dungeon (1/15)

Altars:

Shops:
D:1 =


Innate Abilities, Weirdness & Mutations

You cannot wear most types of armour.
You are amphibious.
You can wear up to eight rings at the same time.
Your skin changes colour to match your surroundings (Stealth+).
Your rubbery body absorbs attacks. (AC +1, EV +1)
((You are camouflaged when in or above water. (Stealth+)))
You have tentacles for arms and can constrict up to eight enemies at once.


Message History

You see here a +0 leather armour.
f - a +0 leather armour An endoplasm comes into view.
Found 14 gold pieces.
Found a scroll labelled SEIFELIPUE.
You see here 7 stones.
Found 13 gold pieces.
There are no items here.
You see here 7 stones.
g - 7 stones The endoplasm quivers.
Found Wicud's Jewellery Shop.
The endoplasm hits you.
The hobgoblin shouts!
You hit the hobgoblin. You grab the hobgoblin. You tentacle-slap the hobgoblin.
You kill the hobgoblin!
The endoplasm hits you. The endoplasm misses you. The endoplasm hits you.
A kobold comes into view. It is wielding a +0 whip.
The kobold shouts!
You hear an angry hiss.
The endoplasm hits you.
A rat comes into view.
The endoplasm hits you.
* * * LOW HITPOINT WARNING * * *
You see here a hobgoblin corpse.
You hit the endoplasm but do no damage.
An endoplasm comes into view.
The endoplasm hits you but does no damage.
A ball python comes into view.
You hit the endoplasm.
The endoplasm is heavily wounded.
The rat closely misses you.
The endoplasm hits you but does no damage.
The kobold hits you with a +0 whip.
* * * LOW HITPOINT WARNING * * *
You hit the endoplasm but do no damage. You squeeze the endoplasm.
You kill the endoplasm!
The rat bites you.
You die...

#....#.#.#.#...#.#
#....#.'.#.#.<...#
#....#.#.#.#...#.#
#....#.#.#.#...#.#
##...#.#.#.#####.#
#####..#.#.#.......#
###........#.####.####.#
8$8......#.#...........#
.⌠?....@.#.#############
∩.8...Kr## . .⌠$......
## 8.8.......
#.#......S# ....#.#....
###......J.. ...........


You could see an endoplasm, a ball python, a kobold and a rat.

Vanquished Creatures
  An endoplasm (D:1)
  A giant cockroach (D:1)
  A hobgoblin (D:1)
  A rat (D:1)
4 creatures vanquished.

Notes
Turn   | Place    | Note
-------+----------+-------------------------------------------
     0 | D:1      | 69420guy the Octopode Brigand began the quest for the Orb.
     0 | D:1      | Reached XP level 1. HP: 14/14 MP: 1/1
   106 | D:1      | Found Wicud's Jewellery Shop.
   117 | D:1      | Slain by a rat

Illustrated notes

Levels and vault maps discovered:
D:1:      matt_arrival_refuge, layout_rooms, serial_shops,
          nicolae_shop_temple_entry_statues_fountains, minmay_misc_feat_doors

Action                   || total
-------------------------++-------
Melee: Dagger            ||     8
       Constrict         ||     2
       Punch             ||     1
       Tentacles         ||     1
Armor: Skin              ||     2
Dodge: Dodged            ||     6
